 Dungeon Crawl Stone Soup version 0.28-a0-247-gb8bfbab023 (webtiles) character file.

Game seed: 11270725394005504771

59 skittles the Skirmisher (level 3, -2/34 HPs)
             Began as a Minotaur Monk on Aug 25, 2021.
             Slain by Jessica (3 damage)
             ... on level 2 of the Dungeon.
             The game lasted 00:02:06 (1233 turns).

skittles the Skirmisher (Minotaur Monk)             Turns: 1233, Time: 00:02:06

Health: -2/34      AC:  3    Str: 15 (16) XL:     3   Next: 78%
Magic:  2/2        EV: 12    Int:  5 (7)  God:
Gold:   67         SH:  0    Dex:  9 (12) Spells: 2/2 levels left

rFire   . . .      SeeInvis .   a - +0 falchion
rCold   . . .      Faith    .   (no shield)
rNeg    . . .      Spirit   .   b - +0 robe
rPois   .          Reflect  .   (helmet restricted)
rElec   .          Harm     .   (no cloak)
rCorr   .          Rampage  .   (no gloves)
Will    .....                   e - +0 pair of boots
Stlth   +.........              (no amulet)
HPRegen 0.11/turn               (no ring)
MPRegen 0.08/turn               (no ring)

@: brilliant, flying
A: horns 2, retaliatory headbutt
a: no special abilities


You were on level 2 of the Dungeon.
You visited 1 branch of the dungeon, and saw 2 of its levels.

You collected 67 gold pieces.

Inventory:

Hand Weapons
 a - a +0 falchion (weapon)
Armour
 b - a +0 robe (worn)
 e - a +0 pair of boots (worn)
Scrolls
 f - a scroll of magic mapping {unknown}
Potions
 c - 2 potions of degeneration
 d - a potion of brilliance


   Skills:
 * Level 4.6 Fighting
 * Level 4.5 Long Blades
 + Level 3.7 Dodging
 - Level 1.5 Stealth


You had 2 spell levels left.
You didn't know any spells.
Your spell library contained the following spells:

 Spells                   Type           Power      Damage    Failure   Level
 Magic Dart               Conj           0%         1d3       47%         1
 Call Imp                 Summ           0%         N/A       63%         2
 Mephitic Cloud           Conj/Pois/Air  0%         N/A       85%         3


Dungeon Overview and Level Annotations

Branches:
Dungeon (2/15)

Altars:

Annotations:
D:2 Jessica


Innate Abilities, Weirdness & Mutations

You have a pair of horns on your head.
You reflexively headbutt those who attack you in melee.


Message History

You feel very buoyant.
You fly up into the air.
You feel sick. The adder bites you.
You are more poisoned.
The adder poisons you!
It was a potion of curing.
You feel better. The adder closely misses you.
You closely miss the adder. Your headbutt misses the adder.
The adder closely misses you.
You riposte.
You hit the adder.
The adder is moderately wounded.
You miss the adder.
The adder is moderately wounded.
The adder bites you. The adder completely misses you.
You closely miss the adder. Your headbutt misses the adder.
The adder is moderately wounded.
The adder bites you but does no damage.
Jessica gestures wildly while chanting.
Jessica blinks!
You closely miss the adder.
The adder is moderately wounded.
The adder barely misses you. You furiously retaliate!
You headbutt the adder!
You kill the adder!
Jessica barely misses you. You furiously retaliate!
You headbutt Jessica, but do no damage. The dart slug closely misses you.
You see here an adder corpse.
You completely miss the dart slug. Jessica gestures at you while chanting.
Pain shoots through your body! The dart slug launches a dart at you.
The slug dart hits you.
* * * LOW HITPOINT WARNING * * *
You hit the dart slug.
The dart slug is moderately wounded.
Jessica misses you. You furiously retaliate!
You headbutt Jessica, but do no damage. The dart slug bites you.
* * * LOW HITPOINT WARNING * * *
You slash the dart slug!
You kill the dart slug!
Jessica hits you with a +0 club!
* * * LOW HITPOINT WARNING * * *
Jessica hits you with a +0 club.
You die...

###.....#
#####.#
#.# #.####
#....##
####..###
##.>.#
#####†####
#..=.@@..#
#........#
#....†...#
#.......(#
#...[....#
#^.......#
#........#
#........#
#........#


You could see Jessica.

Vanquished Creatures
  A gnoll (D:1)
  An adder (D:2)
  2 worms (D:2)
  A dart slug (D:2)
  3 ball pythons
  7 endoplasms
  2 giant cockroaches
  3 goblins (D:1)
  2 hobgoblins
  4 kobolds (D:1)
  2 bats
  2 frilled lizards
  A rat (D:2)
31 creatures vanquished.

Notes
Turn   | Place    | Note
-------+----------+-------------------------------------------
     0 | D:1      | skittles the Minotaur Monk began the quest for the Orb.
     0 | D:1      | Reached XP level 1. HP: 19/19 MP: 0/0
   221 | D:1      | Reached XP level 2. HP: 21/27 MP: 1/1
   563 | D:1      | Found a faded altar of an unknown god.
   703 | D:1      | Reached XP level 3. HP: 29/33 MP: 2/2
  1207 | D:2      | Noticed Jessica
  1232 | D:2      | HP: 1/34 [Jessica (7)]
  1233 | D:2      | Slain by Jessica

Illustrated notes

Levels and vault maps discovered:
D:1:      dpeg_arrival_simpleton_c, layout_loops_ring, serial_glass,
          glass_columns_c, glass_columns_a, shapermc_ecumenical_altar_ellora
D:2:      layout_rooms, uniq_jessica

Skill      XL: |  1  2 |
---------------+-------+-----
Fighting       | 4 |  4.6
Long Blades    | 4 |  4.5
Dodging        | |  3.7
Stealth        | |  1.5

Action                   || total
-------------------------++-------
Melee: Falchion          ||    71
       Headbutt          ||    12
  Use: Potion            ||     4
 Stab: Sleeping          ||     5
Armor: Robe              ||    15
Dodge: Dodged            ||    47
       Rpst.: Falchion   ||    13

Table legend: (Time is in decaauts)
 A = Elapsed time spent in this place.
 B = Non-inter-level travel time spent in this place.
 C = Inter-level travel time spent in this place.
 D = Time resting spent in this place.
 E = Time spent auto-exploring this place.
 F = Levels seen in this place.
 G = Mean time per level.
                   A        B        C        D        E       F      G
               +--------+--------+--------+--------+--------+-----+--------+
         Total |   1239 |   1192 |     47 |      0 |    961 |   2 |  619.5 |
       Dungeon |   1239 |   1192 |     47 |      0 |    961 |   2 |  619.5 |
               +--------+--------+--------+--------+--------+-----+--------+

Top non-repeatable levels by time:
     D:1: 991 daAuts
     D:2: 247 daAuts
